Map: Equilibrium LE

Players

SubN - Winner!

  • Race: Zerg Zerg
  • League: Diamond
  • Spawn Location: 11:00

BobbyDigital

  • Race: Zerg Zerg
  • League: Platinum
  • Spawn Location: 1:00

VOD

Have the link to the VOD?

Description

Time

  • Played on: Dec. 19, 2023, 10:31 p.m.
  • Length: 14:28
Show
View Real Time Build Order
Export as new Build Order

SubN Zerg - Winner!

Build Orders: Hatch First, Lurkers 

Get SALT Encoding   

  12  0:00  Drone  
  13  0:12  Overlord  
  13  0:17  Drone  
  14  0:30  Drone x2  
  16  0:49  Hatchery  
  15  0:53  Drone  
  15  0:55  Drone  
  17  0:58  Drone  
  17  1:03  Extractor  
  17  1:16  Spawning Pool  
  16  1:21  Drone  
  16  1:22  Drone  
  18  1:28  Drone  
  19  1:38  Drone  
  20  1:49  Overlord  
  20  2:03  Queen x2  
  24  2:11  Drone  
  24  2:12  Drone x2  
  27  2:17  Metabolic Boost  
  27  2:24  Drone x2  
  27  2:25  Drone  
  30  2:41  Drone x2  
  32  2:46  Queen  
  34  2:52  Roach Warren  
  34  2:53  Drone x2, Extractor  
  34  2:55  Drone  
  35  3:00  Lair  
  35  3:10  Evolution Chamber  
  35  3:12  Evolution Chamber  
  33  3:31  Drone x2  
  33  3:32  Drone  
  36  3:34  Overlord  
  36  3:37  Overlord  
  36  3:41  Overlord  
  36  3:43  Extractor  
  36  3:46  Zerg Missile Weapons Level 1  
  35  3:48  Zerg Ground Armor Level 1  
  35  3:53  Drone x3  
  35  3:54  Drone  
  39  3:57  Drone  
  39  3:59  Drone  
  39  4:01  Drone  
  42  4:04  Drone  
  45  4:17  Roach x4  
  45  4:22  Drone  
  45  4:24  Drone x3  
  55  4:27  Glial Reconstitution  
  55  4:31  Overlord  
  55  4:35  Overlord  
  55  4:40  Drone  
  56  4:49  Overlord x2  
  56  5:00  Hatchery  
  55  5:09  Roach x3  
  55  5:10  Roach x4  
  69  5:20  Roach  
  69  5:21  Roach  
  73  5:23  Overlord  
  73  5:46  Drone x3  
  73  5:47  Drone  
  79  5:50  Roach x3  
  79  5:51  Extractor, Zerg Missile Weapons Level 2  
  79  5:52  Zerg Ground Armor Level 2  
  82  5:59  Overlord  
  82  6:01  Zergling x2  
  82  6:02  Queen  
  85  6:19  Roach  
  85  6:20  Roach x8  
  103  6:32  Overlord x3  
  103  6:48  Queen  
  103  6:50  Drone x8  
  113  6:57  Drone  
  114  7:01  Infestation Pit  
  113  7:10  Drone x5  
  118  7:16  Overseer  
  118  7:18  Overseer  
  118  7:25  Hydralisk Den  
  118  7:26  Drone x2  
  118  7:27  Drone  
  118  7:29  Drone x3  
  124  7:30  Drone  
  124  7:32  Extractor  
  123  7:42  Extractor, Hive  
  122  8:09  Drone x3  
  122  8:11  Drone  
  126  8:13  Zergling x2  
  126  8:14  Zergling x20  
  137  8:24  Overlord x2  
  137  8:25  Overlord  
  137  8:43  Hatchery  
  136  8:48  Hydralisk  
  136  8:49  Hydralisk x8  
  151  9:06  Extractor x2  
  126  9:19  Hydralisk x4  
  126  9:22  Roach  
  126  9:23  Roach x9  
  154  9:26  Grooved Spines  
  154  9:29  Zerg Missile Weapons Level 3  
  154  9:30  Zerg Ground Armor Level 3  
  151  9:40  Hydralisk  
  151  9:42  Overlord x3  
  151  9:43  Overlord x2  
  153  9:49  Lurker Den  
  153  9:50  Overseer  
  152  9:56  Queen  
  152  9:58  Drone x5  
  152  9:59  Drone  
  160  10:16  Muscular Augments  
  160  10:49  Adaptive Talons  
  160  10:51  Drone x2  
  160  10:52  Drone x5  
  160  10:53  Drone x3  
  170  10:57  Ravager  
  170  11:00  Lurker x8  
  179  11:11  Overlord x3  
  179  11:12  Overlord  
  179  11:13  Overseer x2  
  179  11:16  Hydralisk x2  
  179  11:17  Hydralisk x4  
  191  11:22  Hatchery  
  191  11:23  Extractor  
  190  11:25  Zergling x2  
  190  11:26  Zergling x4, Extractor  
  190  11:27  Zergling x2  
  190  11:29  Zergling x10  
  190  11:30  Zergling x6  
  200  11:46  Seismic Spines  
  170  12:29  Roach  
  164  12:30  Roach x11  
  177  12:42  Queen  
  179  12:45  Hydralisk x10  
  174  13:04  Hydralisk x10  
  194  13:12  Zergling x4  
  194  13:13  Zergling x12  
  182  14:00  Hydralisk  
  182  14:01  Hydralisk x10  
Show
View Real Time Build Order
Export as new Build Order

BobbyDigital Zerg 

Build Orders: Hatch First, Lurkers 

Get SALT Encoding   

  12  0:00  Drone  
  13  0:13  Overlord  
  13  0:16  Drone  
  14  0:31  Drone x2  
  16  0:50  Hatchery  
  16  0:53  Drone  
  16  1:01  Drone  
  16  1:03  Drone  
  18  1:16  Extractor  
  17  1:19  Drone, Spawning Pool  
  17  1:21  Drone  
  18  1:30  Drone  
  19  1:41  Overlord  
  19  2:12  Queen x2  
  23  2:25  Drone  
  23  2:26  Drone x2, Zergling x6  
  23  2:27  Metabolic Boost  
  29  2:42  Baneling Nest  
  28  2:48  Drone x2  
  28  2:49  Drone x2  
  32  2:51  Queen  
  32  2:53  Queen  
  32  2:58  Overlord  
  36  3:26  Drone x7  
  36  3:27  Drone  
  44  3:28  Overlord x2  
  43  3:46  Queen  
  45  3:52  Drone x3  
  45  3:53  Drone x2  
  45  3:55  Extractor  
  49  3:57  Extractor  
  48  4:05  Drone x3  
  48  4:06  Drone x3  
  54  4:16  Evolution Chamber  
  53  4:17  Roach Warren  
  53  4:23  Evolution Chamber  
  51  4:27  Overlord x3  
  51  4:29  Drone  
  51  4:30  Drone  
  53  4:33  Extractor  
  52  4:41  Zerg Ground Armor Level 1  
  52  4:44  Drone x3  
  55  5:07  Hatchery  
  55  5:08  Lair, Roach x2  
  55  5:09  Roach x6  
  55  5:12  Pneumatized Carapace  
  70  5:27  Drone x2  
  72  5:28  Overlord  
  72  5:30  Overlord  
  72  5:35  Zerg Missile Weapons Level 1  
  70  5:46  Spine Crawler  
  70  5:47  Spine Crawler  
  70  5:48  Spine Crawler  
  70  5:49  Drone  
  69  5:50  Drone x4  
  72  6:09  Queen x2  
  76  6:20  Hatchery  
  75  6:37  Roach x7  
  75  6:38  Roach  
  91  6:44  Overlord x3, Queen  
  91  6:48  Glial Reconstitution  
  91  7:00  Overseer  
  91  7:03  Zerg Ground Armor Level 2  
  91  7:05  Roach  
  91  7:06  Roach x3  
  99  7:14  Roach  
  99  7:15  Roach x3  
  107  7:45  Roach x7  
  107  7:48  Overlord x2  
  121  7:56  Hatchery  
  120  8:10  Hydralisk Den  
  120  8:11  Ravager x2, Infestation Pit  
  120  8:12  Ravager x3  
  123  8:13  Ravager x4  
  127  8:21  Overseer  
  127  8:54  Overseer  
  119  9:13  Hatchery  
  114  9:18  Overseer x2  
  114  9:19  Overseer x2  
  114  9:23  Hydralisk  
  114  9:24  Hydralisk x8  
  128  9:52  Swarm Host  
  128  9:53  Drone x2  
  128  9:54  Drone x6  
  128  9:55  Drone x5  
  144  10:00  Zerg Missile Weapons Level 2  
  144  10:10  Grooved Spines  
  144  10:15  Lurker Den  
  144  10:20  Drone  
  144  10:22  Overlord x6  
  144  10:23  Overlord  
  144  10:46  Roach x8  
  144  10:47  Roach x5  
  170  10:56  Spine Crawler  
  169  10:58  Drone x7, Extractor x2  
  169  11:00  Muscular Augments  
  174  11:10  Hive  
  174  11:30  Overseer  
  174  11:38  Lurker x4  
  178  11:46  Drone  
  182  11:47  Drone x10  
  126  12:44  Queen  
  126  12:45  Roach  
  126  12:46  Roach x22  
  141  13:16  Ravager x6  
  141  13:17  Ravager x5  
  141  13:19  Hydralisk x2  
  154  13:20  Hydralisk x2  
Tags
 
Add a new tag
Caveats
  • Supply blocks, unpowered buildings, or Contaminate may cause inaccurate times.
  • Supply counts are checked every 10 seconds.